TOP OF THE 1ST |
Seton Hall Pirates batting - Pitching for Auburn Tigers : RHP Mario Ortega
|
Pitching: RHP Mario Ortega
|
|
Batting: RHB Ken Horn
|
0-0: Ball 1-0: Ball 2-0: Called Strike 2-1: Swinging Strike 2-2: Ball 3-2: Base on Balls
|
Batting: RHB Juan Escobedo
|
0-0: Ball 1-0: Foul Ball, location: 2F 1-1: Ball 2-1: Foul Ball, location: 2F 2-2: Ball 3-2: SINGLE (Groundball, 34D) Ken Horn to second Ken Horn to third
|
Batting: LHB Vernon Riley
|
0-0: Foul Ball, location: 2F 0-1: Fly out, F4 (Popup, 4)
|
Batting: RHB Matt Hidalgo
|
0-0: Ball 1-0: Ball 2-0: Ball 3-0: Base on Balls Juan Escobedo to second
|
Batting: LHB Turner Burns
|
0-0: Foul Ball, location: 2F 0-1: Ball 1-1: Ball 2-1: Fielders Choice at 2nd, 4-6 (Groundball, 4) Ken Horn scores Juan Escobedo to third
|
Batting: RHB Fernando Cuevas
|
0-0: Ball 1-0: Called Strike 1-1: Swinging Strike 1-2: Ball 2-2: Ball 3-2: Base on Balls Turner Burns to second
|
Batting: RHB Steve Moore
|
0-0: Called Strike 0-1: Fly out, F8 (Flyball, 8RD)
|
Top of the 1st over - 1 run, 1 hit, 0 errors, 3 left on base; Seton Hall 1 - Auburn 0 |
BOTTOM OF THE 1ST |
Auburn Tigers batting - Pitching for Seton Hall Pirates : LHP Andy Fender
|
Pitching: LHP Andy Fender
|
|
Batting: RHB Lou Perry
|
0-0: Called Strike 0-1: Ball 1-1: Ball 2-1: Foul Ball, location: 2F 2-2: Strikes out looking
|
Batting: LHB Armando Vázquez
|
0-0: Called Strike 0-1: Swinging Strike 0-2: Foul Ball, location: 2F 0-2: Ball 1-2: Ground out 3-1 (Groundball, 34S)
|
Batting: RHB Vincente Martínez
|
0-0: SOLO HOME RUN (Flyball, 7D), Distance : 355 ft
|
Batting: LHB Ed Sorensen
|
0-0: Ball 1-0: Foul Ball, location: 2F 1-1: Swinging Strike 1-2: Ball 2-2: Ball 3-2: Base on Balls
|
Batting: RHB Ed McVinish
|
0-0: Ball 1-0: Ball 2-0: Foul Ball, location: 2F 2-1: Foul Ball, location: 2F 2-2: SINGLE (Line Drive, 9LS) Ed Sorensen to second
|
Batting: RHB Mike Brown
|
0-0: Ball 1-0: Called Strike 1-1: Called Strike 1-2: Fly out, F6 (Line Drive, 6)
|
Bottom of the 1st over - 1 run, 2 hits, 0 errors, 2 left on base; Seton Hall 1 - Auburn 1 |
TOP OF THE 2ND |
Seton Hall Pirates batting - Pitching for Auburn Tigers : RHP Mario Ortega
|
Batting: RHB Jake Henshaw
|
0-0: Foul Ball, location: 2F 0-1: Ball 1-1: Foul Ball, location: 2F 1-2: Ball 2-2: Strikes out swinging
|
Batting: LHB Pedro Cortés
|
0-0: Ball 1-0: Swinging Strike 1-1: Ball 2-1: Ball 3-1: Base on Balls
|
Batting: RHB Ken Horn
|
0-0: Ball 1-0: Ball 2-0: Called Strike 2-1: Ball 3-1: Called Strike 3-2: SINGLE (Flyball, 7S) Pedro Cortés to second
|
Batting: RHB Juan Escobedo
|
0-0: Ball 1-0: 3-RUN HOME RUN (Flyball, 8LXD), Distance : 398 ft
|
Batting: LHB Vernon Riley
|
0-0: Ball 1-0: Called Strike 1-1: Foul Ball, location: 2F 1-2: Ball 2-2: SINGLE (Line Drive, 9LS)
|
Batting: RHB Matt Hidalgo
|
0-0: Ball 1-0: Grounds into double play, 5-4-3 (Groundball, 56)
|
Top of the 2nd over - 3 runs, 3 hits, 0 errors, 0 left on base; Seton Hall 4 - Auburn 1 |
BOTTOM OF THE 2ND |
Auburn Tigers batting - Pitching for Seton Hall Pirates : LHP Andy Fender
|
Batting: SHB Wayne Tressler
|
0-0: Ball 1-0: Ball 2-0: Foul Ball, location: 2F 2-1: Foul Ball, location: 2F 2-2: Fly out, F2 (Popup, 23F)
|
Batting: LHB Jeremiah Harrison
|
0-0: Called Strike 0-1: Ball 1-1: Foul Ball, location: 2F 1-2: Ball 2-2: Strikes out looking
|
Batting: RHB Terry Cochrane
|
0-0: Ground out 1-3 (Groundball, 13)
|
Bottom of the 2nd over - 0 runs, 0 hits, 0 errors, 0 left on base; Seton Hall 4 - Auburn 1 |
TOP OF THE 3RD |
Seton Hall Pirates batting - Pitching for Auburn Tigers : RHP Mario Ortega
|
Batting: LHB Turner Burns
|
0-0: Ball 1-0: Foul Ball, location: 2F 1-1: Ball 2-1: Called Strike 2-2: Foul Ball, location: 2F 2-2: Fly out, F7 (Flyball, 7LSF)
|
Batting: RHB Fernando Cuevas
|
0-0: Fly out, F7 (Flyball, 7S)
|
Batting: RHB Steve Moore
|
0-0: Foul Ball, location: 2F 0-1: Called Strike 0-2: Ball 1-2: SINGLE (Line Drive, 34)
|
Batting: RHB Jake Henshaw
|
0-0: SINGLE (Groundball, 34S) (infield hit) Steve Moore to second
|
Batting: LHB Pedro Cortés
|
0-0: Called Strike 0-1: Ball 1-1: Ball Balk! Steve Moore to third Jake Henshaw to second 2-1: Ball 3-1: Base on Balls
|
Batting: RHB Ken Horn
|
0-0: Called Strike 0-1: Called Strike 0-2: Strikes out looking
|
Top of the 3rd over - 0 runs, 2 hits, 0 errors, 3 left on base; Seton Hall 4 - Auburn 1 |
BOTTOM OF THE 3RD |
Auburn Tigers batting - Pitching for Seton Hall Pirates : LHP Andy Fender
|
Batting: RHB Lou Perry
|
0-0: Foul Ball, location: 2F 0-1: Called Strike 0-2: Foul Ball, location: 2F 0-2: Ground out U3 (Groundball, 3S)
|
Batting: LHB Armando Vázquez
|
0-0: Called Strike 0-1: Foul Ball, location: 2F 0-2: Single, Error in OF, E7, batter to second base
|
Batting: RHB Vincente Martínez
|
0-0: Ball 1-0: Ball 2-0: Foul Ball, location: 2F 2-1: Fly out, F7 (Flyball, 7S)
|
Batting: LHB Ed Sorensen
|
0-0: Ball 1-0: Called Strike 1-1: SINGLE (Groundball, 23) (infield hit) Armando Vázquez to third
|
Batting: RHB Ed McVinish
|
0-0: Foul Ball, location: 2F 0-1: Ball 1-1: Swinging Strike 1-2: Ball 2-2: Ball 3-2: Base on Balls Ed Sorensen to second
|
Batting: RHB Mike Brown
|
0-0: Ball 1-0: Ball 2-0: Swinging Strike 2-1: Called Strike 2-2: Foul Ball, location: 2F 2-2: Ball 3-2: Strikes out looking
|
Bottom of the 3rd over - 0 runs, 2 hits, 1 error, 3 left on base; Seton Hall 4 - Auburn 1 |
TOP OF THE 4TH |
Seton Hall Pirates batting - Pitching for Auburn Tigers : RHP Mario Ortega
|
Batting: RHB Juan Escobedo
|
0-0: Ball 1-0: Foul Ball, location: 2F 1-1: Swinging Strike 1-2: Ball 2-2: Strikes out looking
|
Pitching: LHP Rafael Robles
|
|
Batting: LHB Vernon Riley
|
0-0: Ball 1-0: Ball 2-0: Called Strike 2-1: Ball 3-1: Base on Balls
|
Batting: RHB Matt Hidalgo
|
0-0: Ball 1-0: SINGLE (Line Drive, 56D) Vernon Riley to second
|
Batting: LHB Turner Burns
|
0-0: Called Strike 0-1: Ball 1-1: Ball 2-1: Called Strike 2-2: Ball 3-2: SINGLE (Line Drive, 4) Vernon Riley to third Matt Hidalgo to second
|
Batting: RHB Fernando Cuevas
|
0-0: Ball 1-0: Ball 2-0: Ball 3-0: Base on Balls Vernon Riley scores Matt Hidalgo to third Turner Burns to second
|
Batting: RHB Steve Moore
|
0-0: Foul Ball, location: 2F 0-1: Ball 1-1: Called Strike 1-2: Ball 2-2: Foul Ball, location: 2F 2-2: Ball 3-2: Base on Balls Matt Hidalgo scores Turner Burns to third Fernando Cuevas to second
|
Batting: RHB Jake Henshaw
|
0-0: Fielders Choice at 2nd, 3-6 (Groundball, 34) Turner Burns scores Fernando Cuevas to third
|
Batting: LHB Pedro Cortés
|
0-0: Called Strike 0-1: Foul Ball, location: 2F 0-2: Ball 1-2: Foul Ball, location: 2F 1-2: Ball 2-2: Strikes out swinging
|
Top of the 4th over - 3 runs, 2 hits, 0 errors, 2 left on base; Seton Hall 7 - Auburn 1 |
BOTTOM OF THE 4TH |
Auburn Tigers batting - Pitching for Seton Hall Pirates : LHP Andy Fender
|
Batting: SHB Wayne Tressler
|
0-0: Ball 1-0: Foul Ball, location: 2F 1-1: Ground out 4-3 (Groundball, 4)
|
Batting: LHB Jeremiah Harrison
|
0-0: Foul Ball, location: 2F 0-1: Ball 1-1: Ball 2-1: Fly out, F7 (Flyball, 7)
|
Batting: RHB Terry Cochrane
|
0-0: Called Strike 0-1: Ball 1-1: Ground out 5-3 (Groundball, 5)
|
Bottom of the 4th over - 0 runs, 0 hits, 0 errors, 0 left on base; Seton Hall 7 - Auburn 1 |
TOP OF THE 5TH |
Seton Hall Pirates batting - Pitching for Auburn Tigers : LHP Rafael Robles
|
Batting: RHB Ken Horn
|
0-0: Ball 1-0: Called Strike 1-1: Foul Ball, location: 2F 1-2: Strikes out looking
|
Batting: RHB Juan Escobedo
|
0-0: Ball 1-0: Ground out U3 (Groundball, 34)
|
Batting: LHB Vernon Riley
|
0-0: Ball 1-0: Fly out, F9 (Flyball, 9)
|
Top of the 5th over - 0 runs, 0 hits, 0 errors, 0 left on base; Seton Hall 7 - Auburn 1 |
BOTTOM OF THE 5TH |
Auburn Tigers batting - Pitching for Seton Hall Pirates : LHP Andy Fender
|
Batting: RHB Lou Perry
|
0-0: Called Strike 0-1: Ball 1-1: Ground out U3 (Groundball, 34S)
|
Batting: LHB Armando Vázquez
|
0-0: Called Strike 0-1: Ground out 5-3 (Groundball, 56)
|
Batting: RHB Vincente Martínez
|
0-0: Ball 1-0: Fly out, F9 (Flyball, 9LDF)
|
Bottom of the 5th over - 0 runs, 0 hits, 0 errors, 0 left on base; Seton Hall 7 - Auburn 1 |
TOP OF THE 6TH |
Seton Hall Pirates batting - Pitching for Auburn Tigers : LHP Rafael Robles
|
Batting: RHB Matt Hidalgo
|
0-0: Foul Ball, location: 2F 0-1: Foul Ball, location: 2F 0-2: Ball 1-2: Strikes out looking
|
Batting: LHB Turner Burns
|
0-0: Ball 1-0: Ball 2-0: Ball 3-0: Base on Balls
|
Batting: RHB Fernando Cuevas
|
0-0: Called Strike 0-1: Ball 1-1: Ball 2-1: SINGLE (Groundball, 4S) (infield hit) Turner Burns to second
|
Pitching: RHP Simon Ward
|
|
Batting: RHB Steve Moore
|
0-0: Ball 1-0: Ball 2-0: Ball 3-0: Called Strike 3-1: Foul Ball, location: 2F 3-2: Foul Ball, location: 2F 3-2: Base on Balls Turner Burns to third Fernando Cuevas to second
|
Batting: RHB Jake Henshaw
|
0-0: Fly out, F8 (Flyball, 78M) Runner from 3rd tags up, SCORES, throw made
|
Batting: LHB Pedro Cortés
|
0-0: Called Strike 0-1: Ball 1-1: Foul Ball, location: 2F 1-2: Strikes out looking
|
Top of the 6th over - 1 run, 1 hit, 0 errors, 2 left on base; Seton Hall 8 - Auburn 1 |
BOTTOM OF THE 6TH |
Auburn Tigers batting - Pitching for Seton Hall Pirates : LHP Andy Fender
|
Pitching: LHP John King
|
|
Batting: LHB Ed Sorensen
|
0-0: Fly out, F6 (Popup, 6D)
|
Batting: RHB Ed McVinish
|
0-0: Called Strike 0-1: Ball 1-1: Foul Ball, location: 2F 1-2: Ball 2-2: Foul Ball, location: 2F 2-2: Foul Ball, location: 2F 2-2: Foul Ball, location: 2F 2-2: Ball 3-2: Ground out 6-3 (Groundball, 6)
|
Batting: RHB Mike Brown
|
0-0: Called Strike 0-1: Fly out, F7 (Flyball, 78D)
|
Bottom of the 6th over - 0 runs, 0 hits, 0 errors, 0 left on base; Seton Hall 8 - Auburn 1 |
TOP OF THE 7TH |
Seton Hall Pirates batting - Pitching for Auburn Tigers : RHP Simon Ward
|
Batting: RHB Ken Horn
|
0-0: Called Strike 0-1: Called Strike 0-2: Strikes out looking
|
Batting: RHB Juan Escobedo
|
0-0: Swinging Strike 0-1: Ball 1-1: Foul Ball, location: 2F 1-2: Foul Ball, location: 2F 1-2: Strikes out swinging
|
Batting: LHB Vernon Riley
|
0-0: Ball 1-0: Called Strike 1-1: Foul Ball, location: 2F 1-2: Ground out 4-3 (Groundball, 4)
|
Top of the 7th over - 0 runs, 0 hits, 0 errors, 0 left on base; Seton Hall 8 - Auburn 1 |
BOTTOM OF THE 7TH |
Auburn Tigers batting - Pitching for Seton Hall Pirates : LHP John King
|
Batting: SHB Wayne Tressler
|
0-0: Ball 1-0: Called Strike 1-1: Ball 2-1: Swinging Strike 2-2: DOUBLE (Line Drive, 7LM)
|
Batting: LHB Jeremiah Harrison
|
0-0: Foul Ball, location: 2F 0-1: Swinging Strike 0-2: Ball 1-2: Ball 2-2: Foul Ball, location: 2F 2-2: Ground out 3-1 (Groundball, 34) Wayne Tressler to third
|
Batting: RHB Terry Cochrane
|
0-0: Ball 1-0: Foul Ball, location: 2F 1-1: Called Strike 1-2: Strikes out swinging
|
Batting: RHB Lou Perry
|
0-0: DOUBLE (Line Drive, 9LS) Wayne Tressler scores
|
Batting: LHB Armando Vázquez
|
0-0: Ball 1-0: Ball 2-0: Called Strike 2-1: Ball 3-1: Foul Ball, location: 2F 3-2: Base on Balls
|
Batting: RHB Vincente Martínez
|
0-0: Ball 1-0: Ball 2-0: Ball 3-0: Called Strike 3-1: Base on Balls Lou Perry to third Armando Vázquez to second
|
Batting: LHB Ed Sorensen
|
0-0: Ball 1-0: Ball 2-0: Ball 3-0: Base on Balls Lou Perry scores Armando Vázquez to third Vincente Martínez to second
|
Batting: RHB Ed McVinish
|
0-0: Called Strike 0-1: Reached on error, E7 (Flyball, 7) Armando Vázquez scores Vincente Martínez scores Ed Sorensen to third
|
Pitching: RHP Tom Skiffington
|
|
Batting: RHB Mike Brown
|
0-0: Called Strike 0-1: Called Strike 0-2: Fly out, F3 (Line Drive, 34)
|
Bottom of the 7th over - 4 runs, 2 hits, 1 error, 2 left on base; Seton Hall 8 - Auburn 5 |
TOP OF THE 8TH |
Seton Hall Pirates batting - Pitching for Auburn Tigers : RHP Simon Ward
|
Batting: RHB Matt Hidalgo
|
0-0: Called Strike 0-1: Foul Ball, location: 2F 0-2: Ball 1-2: Ground out 5-3 (Groundball, 5)
|
Batting: LHB Turner Burns
|
0-0: Fly out, F7 (Flyball, 78D)
|
Batting: RHB Fernando Cuevas
|
0-0: Foul Ball, location: 2F 0-1: Called Strike 0-2: Foul Ball, location: 2F 0-2: Ball 1-2: Ball 2-2: Foul Ball, location: 2F 2-2: Ball 3-2: Base on Balls
|
Batting: RHB Steve Moore
|
0-0: Ball 1-0: Ball 2-0: Called Strike 2-1: Called Strike 2-2: Ground out 5-3 (Groundball, 56S)
|
Top of the 8th over - 0 runs, 0 hits, 0 errors, 1 left on base; Seton Hall 8 - Auburn 5 |
BOTTOM OF THE 8TH |
Auburn Tigers batting - Pitching for Seton Hall Pirates : RHP Tom Skiffington
|
Batting: SHB Wayne Tressler
|
0-0: Ball 1-0: Called Strike 1-1: Foul Ball, location: 2F 1-2: Ball 2-2: Fly out, F8 (Flyball, 89M)
|
Batting: LHB Jeremiah Harrison
|
0-0: Called Strike 0-1: Fly out, F7 (Flyball, 7D)
|
Batting: RHB Terry Cochrane
|
0-0: Ball 1-0: Ball 2-0: Foul Ball, location: 2F 2-1: Foul Ball, location: 2F 2-2: Ground out 6-3 (Groundball, 6)
|
Bottom of the 8th over - 0 runs, 0 hits, 0 errors, 0 left on base; Seton Hall 8 - Auburn 5 |
TOP OF THE 9TH |
Seton Hall Pirates batting - Pitching for Auburn Tigers : RHP Simon Ward
|
Batting: RHB Jake Henshaw
|
0-0: Ball 1-0: Called Strike 1-1: Ball 2-1: Ground out 3-1 (Groundball, 34S)
|
Batting: LHB Pedro Cortés
|
0-0: Called Strike 0-1: Ball 1-1: Ball 2-1: Ball 3-1: Swinging Strike 3-2: Base on Balls
|
Batting: RHB Ken Horn
|
0-0: Called Strike 0-1: Ball 1-1: Ball 2-1: Swinging Strike 2-2: SINGLE (Groundball, 4S) (infield hit) Pedro Cortés to second
|
Pitching: RHP Shawn McPherson
|
|
Batting: RHB Juan Escobedo
|
0-0: Ball Pedro Cortés steals 3rd base Ken Horn to second 1-0: Foul Ball, location: 2F 1-1: Ball 2-1: Swinging Strike 2-2: Ball 3-2: Base on Balls
|
Batting: LHB Vernon Riley
|
0-0: Ball 1-0: Grounds into double play, 6-2-3 (Groundball, 6M)
|
Top of the 9th over - 0 runs, 1 hit, 0 errors, 2 left on base; Seton Hall 8 - Auburn 5 |
BOTTOM OF THE 9TH |
Auburn Tigers batting - Pitching for Seton Hall Pirates : RHP Tom Skiffington
|
Now in RF: Chris Rigney
|
|
Batting: RHB Lou Perry
|
0-0: Called Strike 0-1: Called Strike 0-2: Ground out 5-3 (Groundball, 5)
|
Batting: LHB Armando Vázquez
|
0-0: Called Strike 0-1: Ball 1-1: Fly out, F8 (Flyball, 78D)
|
Batting: RHB Vincente Martínez
|
0-0: Ball 1-0: Ball 2-0: Ball 3-0: Base on Balls
|
Pitching: LHP Allen Hernández
|
|
Batting: LHB Ed Sorensen
|
0-0: Ball 1-0: Foul Ball, location: 2F 1-1: Ball 2-1: Ball 3-1: Base on Balls Vincente Martínez to second
|
Batting: RHB Ed McVinish
|
0-0: Ball 1-0: Called Strike 1-1: Foul Ball, location: 2F 1-2: Ball 2-2: Foul Ball, location: 2F 2-2: Ball 3-2: Base on Balls Vincente Martínez to third Ed Sorensen to second
|
Batting: RHB Mike Brown
|
0-0: Called Strike 0-1: Swinging Strike 0-2: Ground out 5-3 (Groundball, 56S)
|
Bottom of the 9th over - 0 runs, 0 hits, 0 errors, 3 left on base; Seton Hall 8 - Auburn 5 |
|